 Dungeon Crawl Stone Soup version 0.31.0-9-g3a7656b989 (webtiles) character file.

Game seed: 11646774096584768422

282 qw the Shooter (level 6, -2/30 HPs)
             Began as a Spriggan Hunter on Feb 2, 2024.
             Slain by a hobgoblin (4 damage)
             ... on level 4 of the Dungeon.
             The game lasted 00:00:14 (3424 turns).

qw the Shooter (Spriggan Hunter)                    Turns: 3424, Time: 00:00:14

Health: -2/30      AC:  3    Str: 13    XL:     6   Next: 6%
Magic:  7/7        EV: 21    Int: 10    God:
Gold:   291        SH:  0    Dex: 21    Spells: 5/5 levels left

rFire   . . .        a - +2 shortbow
rCold   . . .        (shield currently unavailable)
rNeg    . . .        c - +0 robe
rPois   .            (helmet restricted)
rElec   .            n - +0 cloak
rCorr   .            (gloves unavailable)
SInv    +            (boots unavailable)
Will    +....        (no amulet)
Stlth   ++           g - +6 ring of strength
HPRegen 0.25/turn    (no ring)
MPRegen 0.10/turn

%: no passive effects
@: about to teleport, very quick
A: very small, no large weapons, unfitting armour, see invisible, speed 3
a: no special abilities


You were on level 4 of the Dungeon.
You visited 1 branch of the dungeon, and saw 4 of its levels.

You collected 291 gold pieces.


Innate Abilities, Weirdness & Mutations

You are very small and have problems with some larger weapons.
You are too small for most types of armour.
You have supernaturally acute eyesight. (SInv)
You cover ground extremely quickly. (Speed+++)


   Skills:
 - Level 2.2 Fighting
 - Level 6.1 Ranged Weapons
 + Level 5.4 Dodging
 - Level 1.5 Stealth


You had 5 spell levels left.
You didn't know any spells.
Your spell library was empty.

Inventory:

Hand Weapons
 a - a +2 shortbow (weapon)
Armour
 c - a +0 robe (worn)
 n - a +0 cloak (worn)
Jewellery
 g - a +6 ring of strength (left hand)
Wands
 j - a wand of paralysis (7)
 m - a wand of flame (22)
Scrolls
 b - a scroll of identify
 h - 2 scrolls of teleportation
 k - a scroll of enchant armour {unknown}
Potions
 d - a potion of haste
 e - a potion of enlightenment {unknown}
 f - a potion of heal wounds
 i - a potion of might {unknown}
 l - 2 potions of curing

Dungeon Overview and Level Annotations

Branches:
Dungeon (4/15)
 Temple: D:4-7

Altars:
Cheibriados
Kikubaaqudgha
Qazlal


Message History

You shoot an arrow. The arrow barely misses the hound.
The hound completely misses you.
You shoot an arrow. The arrow closely misses the hound.
You hear a shout!
The hound completely misses you.
A hobgoblin comes into view.
The hound bites you but does no damage.
You shoot an arrow. The arrow misses the hound.
The hound misses you. The hound bites you.
You shoot an arrow.
The arrow hits the hound but does no damage.
The hound is almost dead.
You hear an angry hiss.
An iguana comes into view.
The hound closely misses you.
You shoot an arrow. The arrow closely misses the hound.
The arrow completely misses the hobgoblin.
The hound closely misses you. The hound bites you.
The hobgoblin closely misses you.
You shoot an arrow. The arrow hits the hound.
The hound is almost dead.
The hound bites you. The hound completely misses you. The hobgoblin hits you.
You shoot an arrow. The arrow hits the hound.
You kill the hound!
The hobgoblin barely misses you.
You have reached level 6!
You shoot an arrow. The arrow barely misses the iguana.
The iguana closely misses you. The hobgoblin closely misses you.
You shoot an arrow. The arrow closely misses the iguana.
The iguana completely misses you. The hobgoblin hits you.
You shoot an arrow. The arrow closely misses the iguana.
The iguana closely misses you.
The hobgoblin hits you but does no damage.
You shoot an arrow. The arrow closely misses the iguana.
The iguana bites you! The hobgoblin completely misses you.
3424 ||| READING 3 scrolls of teleportation.
As you read the scroll of teleportation, it crumbles to dust.
You feel strangely unstable. The iguana barely misses you.
The hobgoblin hits you.
You die...

######## ........
..#### .........
..... .........
..... .#......#
#... :#......# #?.#
.#.....)# #..#
........ #lg#
....############@.#
....+.............#
#...#####....####.#
........+....[....#
.....####....##...#
.....#.......# #.#
.###.##.#.#### ..
.###.##.#.##### ..
............... ..


You could see an iguana and a hobgoblin.

Vanquished Creatures
  An orc priest (D:4)
  A hound (D:4)
  Terence (D:2)
  Natasha (D:2)
  Robin (D:2)
  6 adders
  4 dart slugs
  8 orcs
  5 ball pythons
  4 endoplasms
  3 giant cockroaches
  15 goblins
  11 hobgoblins
  A quokka (D:3)
  8 bats
  8 frilled lizards
  6 kobolds
  12 rats
96 creatures vanquished.

Notes
Turn   | Place    | Note
-------+----------+-------------------------------------------
     0 | D:1      | qw the Spriggan Hunter began the quest for the Orb.
     0 | D:1      | Reached XP level 1. HP: 10/10 MP: 2/2
     0 | D:1      | 0 ||| qw: Version: 0.3-a-155-g5e7d8dd
     0 | D:1      | 0 ||| qw: Game counter: 1714
     0 | D:1      | 0 ||| qw: Melee chars always use a shield: true
     0 | D:1      | 0 ||| qw: God list: Okawaru
     0 | D:1      | 0 ||| qw: Allow faded altars: false
     0 | D:1      | 0 ||| qw: Do Orc after clearing Dungeon:15 true
     0 | D:1      | 0 ||| qw: Do second Lair branch before Depths: true
     0 | D:1      | 0 ||| qw: Lair rune preference: random
     0 | D:1      | 0 ||| qw: Goals: Normal
     0 | D:1      | 0 ||| PLANNING D:1-11
    18 | D:1      | Reached skill level 3 in Dodging
    22 | D:1      | 22 ||| RETREEEEATING.
    23 | D:1      | 23 ||| RETREEEEATING.
    24 | D:1      | 24 ||| RETREEEEATING.
    25 | D:1      | 25 ||| RETREEEEATING.
    26 | D:1      | 26 ||| RETREEEEATING.
    27 | D:1      | 27 ||| RETREEEEATING.
    29 | D:1      | 29 ||| RETREEEEATING.
    30 | D:1      | 30 ||| RETREEEEATING.
    31 | D:1      | 31 ||| RETREEEEATING.
    32 | D:1      | 32 ||| RETREEEEATING.
    44 | D:1      | Reached XP level 2. HP: 8/14 MP: 3/3
  1009 | D:1      | Reached XP level 3. HP: 18/18 MP: 4/4
  1038 | D:1      | 1038 ||| UPGRADING to +6 ring of strength.
  1039 | D:1      | 1039 ||| READING scroll labelled VUTIMA ARADOO.
  1039 | D:1      | 1039 ||| IDENTIFYING sapphire potion
  1040 | D:1      | 1040 ||| READING scroll labelled EZUNOA SORUNN.
  1041 | D:1      | 1041 ||| DROPPING scroll of butterflies.
  1426 | D:2      | Noticed Robin
  1443 | D:2      | Reached skill level 5 in Ranged Weapons
  1455 | D:2      | Killed Robin
  1456 | D:2      | Reached XP level 4. HP: 14/22 MP: 5/5
  1496 | D:2      | Found a snail-covered altar of Cheibriados.
  1856 | D:2      | Noticed Terence
  1860 | D:2      | HP: 5/22 [Terence/+0 flail (8)]
  1865 | D:2      | Killed Terence
  2012 | D:2      | Noticed Natasha
  2014 | D:2      | 2014 ||| FLEEEEING.
  2016 | D:2      | 2016 ||| FLEEEEING.
  2017 | D:2      | 2017 ||| FLEEEEING.
  2018 | D:2      | 2018 ||| FLEEEEING.
  2019 | D:2      | 2019 ||| FLEEEEING.
  2020 | D:2      | 2020 ||| FLEEEEING.
  2023 | D:2      | 2023 ||| FLEEEEING.
  2028 | D:2      | Killed Natasha
  2029 | D:2      | Reached XP level 5. HP: 11/26 MP: 6/6
  2341 | D:2      | 2341 ||| DROPPING scarf of shadows.
  2342 | D:2      | 2342 ||| UPGRADING to +0 cloak.
  2347 | D:2      | 2347 ||| READING 6 scrolls of identify.
  2347 | D:2      | 2347 ||| IDENTIFYING lumpy golden potion
  2348 | D:2      | 2348 ||| READING 5 scrolls of identify.
  2348 | D:2      | 2348 ||| IDENTIFYING fuming red potion
  2349 | D:2      | 2349 ||| READING 4 scrolls of identify.
  2349 | D:2      | 2349 ||| IDENTIFYING fuming yellow potion
  2350 | D:2      | 2350 ||| READING 3 scrolls of identify.
  2350 | D:2      | 2350 ||| IDENTIFYING bubbling brown potion
  2351 | D:2      | 2351 ||| READING 2 scrolls of identify.
  2351 | D:2      | 2351 ||| IDENTIFYING scroll labelled MUOKARUXOE
  2352 | D:2      | 2352 ||| DROPPING potion of berserk rage.
  2353 | D:2      | 2353 ||| DROPPING scroll of blinking.
  2354 | D:2      | 2354 ||| DROPPING potion of lignification.
  2528 | D:3      | Found a faded altar of an unknown god.
  2987 | D:3      | 2987 ||| READING scroll of identify.
  2987 | D:3      | 2987 ||| IDENTIFYING 2 fuming sapphire potions
  2988 | D:3      | 2988 ||| READING 4 scrolls labelled TEINTU ZIMYH.
  2991 | D:3      | 2991 ||| READING scroll labelled RUQEEG WUFY.
  2992 | D:3      | 2992 ||| READING scroll labelled JOEQUIWUIC.
  2993 | D:3      | 2993 ||| READING scroll labelled MEX NOISILUEX.
  2994 | D:3      | 2994 ||| DROPPING 2 potions of attraction.
  2996 | D:3      | 2996 ||| Stepping ~*~*~tactically~*~*~ (cloud).
  3106 | D:4      | Found an ancient bone altar of Kikubaaqudgha.
  3108 | D:4      | Found a stormy altar of Qazlal.
  3112 | D:4      | 3112 ||| READING 2 scrolls labelled LUMU XUAGHIEBU.
  3112 | D:4      | 3112 ||| ENCHANTING +0 shortbow.
  3113 | D:4      | 3113 ||| READING scroll of enchant weapon.
  3113 | D:4      | 3113 ||| ENCHANTING +1 shortbow.
  3127 | D:4      | Found the +7 Kryia's mail coat {PotionHeal*2 rC+}
  3193 | D:4      | Reached skill level 6 in Ranged Weapons
  3420 | D:4      | Reached XP level 6. HP: 17/30 MP: 7/7
  3423 | D:4      | HP: 2/30 [iguana (12)]
  3424 | D:4      | 3424 ||| READING 3 scrolls of teleportation.
  3424 | D:4      | Slain by a hobgoblin

Levels and vault maps discovered:
D:1:      moated_graveyard_arrival, layout_basic, minmay_hexomino_c4
D:2:      layout_loops_corners, basic_altar, minmay_misc_feat_iff,
          minmay_bisected, uniq_natasha, uniq_terence, uniq_robin
D:3:      layout_rooms, basic_ecumenical_altar, minmay_misc_feat_chi
D:4:      layout_basic, mainiacjoe_overflow_tiny_flanked, jmf_multi_god_temple,
          mainiacjoe_overflow_paths

Skill      XL: |  1  2  3  4  5 |
---------------+----------------+-----
Dodging        | 3 4 5 |  5.4
Ranged Weapons | 5 6 |  6.1
Fighting       | 2 |  2.2
Stealth        | |  1.5

Action                     |  1- 3 |  4- 6 || total
---------------------------+-------+-------++-------
   Fire: Shortbow          |   134 |   147 ||   281
    Use: Scroll            |     2 |    13 ||    15
 Armour: Robe              |    19 |    24 ||    43
  Dodge: Dodged            |    73 |    59 ||   132

Table legend:
 A = Non-vault XP
 B = Vault XP
 C = Vault XP percentage of total XP
 D = Non-vault monster count
 E = Vault monster count
 F = Vault count percentage of total count
                 A         B        C        D         E       F
            +---------+---------+-------+---------+---------+-------
      Total |     274 |     129 |  32.0 |      71 |      25 |  26.0
            +---------+---------+-------+---------+---------+-------
        D:1 |      29 |      12 |  29.3 |      17 |       8 |  32.0
        D:2 |      71 |     111 |  61.0 |      23 |      15 |  39.5
        D:3 |      67 |       0 |   0.0 |      22 |       0 |   0.0
        D:4 |     107 |       6 |   5.3 |       9 |       2 |  18.2
            +---------+---------+-------+---------+---------+-------
